 Dungeon Crawl Stone Soup version 0.29-a0-643-ga013cefcf8 (webtiles) character file.

Game seed: 18334102543426125123

7 xian the Shield-Bearer (level 2, -2/19 HPs)
             Began as a Gargoyle Fighter on June 20, 2022.
             Slain by a quokka (3 damage)
             ... on level 1 of the Dungeon.
             The game lasted 00:00:55 (165 turns).

xian the Shield-Bearer (Gargoyle Fighter)            Turns: 165, Time: 00:00:56

Health: -2/19      AC:  9    Str: 19    XL:     2   Next: 0%
Magic:  2/2        EV:  9    Int:  8    God:
Gold:   13         SH:  4    Dex:  9    Spells: 1/1 levels left

rFire   . . .      SeeInvis .   a - +0 flail
rCold   . . .      Faith    .   c - +0 buckler
rNeg    + . .      Spirit   .   b - +0 scale mail
rPois   ∞          Reflect  .   (no helmet)
rElec   +          Harm     .   (no cloak)
rCorr   .          Rampage  .   (no gloves)
Will    .....                   (no boots)
Stlth   ..........              (no amulet)
HPRegen 0.06/turn               (no ring)
MPRegen 0.08/turn               (no ring)

@: mighty
A: sickness immunity, AC +2, negative energy resistance 1, electricity
resistance, torment resistance 1, petrification resistance
a: no special abilities


You were on level 1 of the Dungeon.
You visited 1 branch of the dungeon, and saw 1 of its levels.

You collected 13 gold pieces.

Inventory:

Hand Weapons
 a - a +0 flail (weapon)
Armour
 b - a +0 scale mail (worn)
 c - a +0 buckler (worn)
Scrolls
 e - a scroll of identify {unknown}


   Skills:
 + Level 3.4 Fighting
 + Level 2.1 Maces & Flails
 + Level 3.3 Armour
 + Level 3.5 Shields


You had one spell level left.
You didn't know any spells.
Your spell library contained the following spells:

 Spells                   Type           Power      Damage    Failure   Level
 Foxfire                  Conj/Fire      0%         2x1d4     86%         1
 Conjure Flame            Conj/Fire      0%         6-21      99%         3
 Inner Flame              Hex/Fire       0%         N/A       99%         3
 Flame Wave               Conj/Fire      0%         2d4       100%        4


Dungeon Overview and Level Annotations

Branches:
Dungeon (1/15)

Altars:


Innate Abilities, Weirdness & Mutations

You are immune to sickness and miasma.
Your stone body is resilient. (AC +2)
You are immune to poison.
You resist negative energy. (rN+)
You are resistant to electric shocks. (rElec)
You are resistant to unholy torment.
You are immune to petrification.


Message History

The quokka barely misses you. The ball python bites you.
The ball python barely misses you.
The frilled lizard bites you but does no damage. x2
Unknown command.
You closely miss the frilled lizard.
The quokka bites you but does no damage.
The ball python bites you but does no damage.
The ball python closely misses you.
The frilled lizard closely misses you. x2
The quokka barely misses you.
The ball python bites you but does no damage.
The ball python barely misses you.
You miss the frilled lizard. The quokka bites you.
The frilled lizard misses you. The frilled lizard barely misses you.
The ball python bites you but does no damage.
The ball python barely misses you. The quokka bites you.
You miss the frilled lizard. The ball python closely misses you.
The ball python grabs you. The ball python constricts you.
The frilled lizard bites you but does no damage. x2
The quokka bites you but does no damage.
The ball python barely misses you. The ball python constricts you.
The frilled lizard bites you but does no damage.
The frilled lizard bites you.
You miss the frilled lizard. The quokka bites you.
* * * LOW HITPOINT WARNING * * *
The ball python bites you but does no damage.
The ball python constricts you. The frilled lizard bites you.
* * * LOW HITPOINT WARNING * * *
The frilled lizard barely misses you. The quokka barely misses you.
You block the ball python's attack. The ball python constricts you.
You escape the ball python's grasp.
The frilled lizard bites you but does no damage.
The frilled lizard attacks as you move away!
The frilled lizard completely misses you.
The ball python bites you.
* * * LOW HITPOINT WARNING * * *
The ball python barely misses you. The ball python closely misses you.
The ball python barely misses you.
You feel very mighty all of a sudden. The quokka closely misses you.
The quokka bites you.
You die...

#.##..........
####.###..........|....#
.......................#
......................#
.....................#
#........(..#.......#
####..................##
...............##.....#
.......@.......#......#
.....#.#rl.....#......##
.......Sl.####.#....##..
...............#....##..
..............##....##..
.....###+...........##..
....................##..
.###................##..
......####......##..


You could see a quokka and 2 frilled lizards.

Vanquished Creatures
  2 endoplasms (D:1)
  2 jackals (D:1)
  A bat (D:1)
  A rat (D:1)
6 creatures vanquished.

Notes
Turn   | Place    | Note
-------+----------+-------------------------------------------
     0 | D:1      | xian the Gargoyle Fighter began the quest for the Orb.
     0 | D:1      | Reached XP level 1. HP: 14/14 MP: 1/1
   134 | D:1      | Reached XP level 2. HP: 18/19 MP: 2/2
   165 | D:1      | Slain by a quokka

Illustrated notes

Levels and vault maps discovered:
D:1:      mainiacjoe_arrival_reflecting_pool, layout_basic, serial_bayou_lake_a

Action                   || total
-------------------------++-------
Melee: Flail             ||    22
  Use: Potion            ||     1
Armor: Scale mail        ||    34
Dodge: Dodged            ||    36
Block: Buckler           ||     3

Table legend: (Time is in decaauts)
 A = Elapsed time spent in this place.
 B = Non-inter-level travel time spent in this place.
 C = Inter-level travel time spent in this place.
 D = Time resting spent in this place.
 E = Time spent auto-exploring this place.
 F = Levels seen in this place.
 G = Mean time per level.
                   A        B        C        D        E       F      G
               +--------+--------+--------+--------+--------+-----+--------+
         Total |    172 |    172 |      0 |      0 |    103 |   1 |  172.0 |
       Dungeon |    172 |    172 |      0 |      0 |    103 |   1 |  172.0 |
               +--------+--------+--------+--------+--------+-----+--------+

Top non-repeatable levels by time:
     D:1: 172 daAuts
